 Dungeon Crawl Stone Soup version 0.30-a0-373-gd37427bb62 (webtiles) character file.

Game seed: 16084685126218743086

32 greenreed the Slasher (level 3, 0/30 HPs)
             Began as a Formicid Monk on Nov 24, 2022.
             Slain by an orc
             ... wielding a +2 flail of protection
              (7 damage)
             ... on level 3 of the Dungeon.
             The game lasted 00:03:20 (2037 turns).

greenreed the Slasher (Formicid Monk)               Turns: 2037, Time: 00:03:20

Health: 0/30       AC: 11    Str: 17    XL:     3   Next: 45%
Magic:  3/3        EV:  5    Int:  9    God:
Gold:   88         SH:  0    Dex: 16    Spells: 2/2 levels left

rFire   . . .      SeeInvis +    a - +0 falchion
rCold   . . .      Faith    .    (no shield)
rNeg    . . .      Spirit   .    k - +0 plate armour
rPois   .          Reflect  .    (helmet unavailable)
rElec   .          Harm     .    (no cloak)
rCorr   .          Rampage  .    (no gloves)
Will    .....                    l - +0 pair of boots
Stlth   ..........               (no amulet)
HPRegen 0.25/turn                n - ring of flight
MPRegen 0.08/turn                (no ring)

@: flying
A: permanent stasis, dig shafts and tunnels, antennae 3, four strong arms
a: Dig, Shaft Self


You were on level 3 of the Dungeon.
You visited 1 branch of the dungeon, and saw 3 of its levels.

You collected 88 gold pieces.

Inventory:

Hand Weapons
 a - a +0 falchion (weapon)
Missiles
 e - 7 poisoned darts
Armour
 k - a +0 plate armour (worn)
 l - a +0 pair of boots (worn)
Jewellery
 n - a ring of flight (left hand)
Scrolls
 b - 4 scrolls of teleportation {unknown}
 d - a scroll of fog {unknown}
 h - 2 scrolls of blinking {unknown}
 m - 4 scrolls of identify {unknown}
Potions
 c - a potion of ambrosia
 f - a potion of attraction {unknown}
 g - a potion of magic {unknown}
 i - a potion of curing {unknown}
 j - a potion of degeneration {unknown}
 o - a potion of haste {unknown}
 p - a potion of resistance {unknown}


   Skills:
 * Level 3.6 Fighting
 * Level 3.7 Long Blades
 + Level 0.2 Armour
 + Level 3.0 Dodging
 + Level 2.4 Stealth


You had 2 spell levels left.
You didn't know any spells.
Your spell library contained the following spells:

 Spells                   Type           Power      Damage    Failure   Level
 Ensorcelled Hibernation  Hex/Ice        0%         N/A       100%        2
 Momentum Strike          Conj/Tloc      0%         3d8       100%        2
 Passwall                 Tmut/Erth      0%         N/A       100%        2
 Lesser Beckoning         Tloc           0%         N/A       100%        3
 Blink                    Tloc           Unusable   N/A       N/A         2
 Swiftness                Air            Unusable   N/A       N/A         3

Dungeon Overview and Level Annotations

Branches:
Dungeon (3/15)

Altars:


Innate Abilities, Weirdness & Mutations

You cannot be hasted, slowed, berserked, paralysed or teleported.
You can dig through walls and to a lower floor.
You have a pair of large antennae on your head. (SInv)
Your four strong arms can wield two-handed weapons with a shield.


Message History

The orc shouts!
An orc comes into view.
It is wielding a +2 flail of protection.
The orc hits you but does no damage.
You hit the orc.
The orc is heavily wounded.
The orc hits you with a +0 mace.
You barely miss the orc.
The orc is heavily wounded.
The orc barely misses you.
The orc priest calls upon Beogh to heal the orc.
The orc's wounds heal themselves!
You slash the orc!
You kill the orc!
You barely miss the orc. The orc hits you but does no damage.
You hit the orc but do no damage.
The orc hits you with a +2 flail of protection.
You closely miss the orc. The orc hits you but does no damage.
You hit the orc but do no damage. The orc hits you but does no damage.
The orc hits you with a +2 flail of protection.
You barely miss the orc. The orc hits you but does no damage.
You barely miss the orc. The orc barely misses you.
You barely miss the orc. The orc barely misses you.
You hit the orc.
The orc is moderately wounded.
The orc hits you with a +2 flail of protection.
You closely miss the orc.
The orc is moderately wounded.
The orc hits you but does no damage.
The orc priest mumbles some strange prayers to Beogh against you.
Beogh smites you!
* * * LOW HITPOINT WARNING * * *
You are too injured to fight recklessly!
You are too injured to fight recklessly!
You hit the orc but do no damage.
The orc is moderately wounded.
The orc barely misses you.
You barely miss the orc.
The orc is moderately wounded.
The orc hits you with a +2 flail of protection!
You die...

.............#
.#######.###.#
#.# #######)#
#.....)<#
#.#####.# #.#
#.# #@# #o#
.o# .... #####


You could see an orc priest and an orc.

Vanquished Creatures
  A worm (D:2)
  2 dart slugs (D:1)
  An orc (D:3)
  5 ball pythons
  An endoplasm (D:1)
  3 goblins
  2 hobgoblins (D:1)
  2 kobolds (D:1)
  2 quokkas (D:2)
  A bat (D:1)
  A frilled lizard (D:2)
21 creatures vanquished.

Notes
Turn   | Place    | Note
-------+----------+-------------------------------------------
     0 | D:1      | greenreed the Formicid Monk began the quest for the Orb.
     0 | D:1      | Reached XP level 1. HP: 18/18 MP: 1/1
   147 | D:1      | Reached XP level 2. HP: 24/24 MP: 2/2
   266 | D:1      | Found a faded altar of an unknown god.
   914 | D:1      | Reached XP level 3. HP: 19/30 MP: 3/3
  2037 | D:3      | Slain by an orc

Illustrated notes

Levels and vault maps discovered:
D:1:      doesnt_arrival_eight_statues, layout_basic,
          ebering_ecumenical_altar_sacrificial, chequers_serial_rivers_large_b
D:2:      layout_basic
D:3:      corexii_shack_village, layout_basic

Skill      XL: |  1  2  3 |
---------------+----------+-----
Dodging        | 3 |  3.0
Fighting       | |  3.6
Long Blades    | |  3.7
Armour         | |  0.2
Stealth        | |  2.4

Action                   || total
-------------------------++-------
Melee: Falchion          ||    84
 Stab: Sleeping          ||     1
Armor: Robe              ||     6
       Plate armour      ||    27
Dodge: Dodged            ||    36

Table legend: (Time is in decaauts)
 A = Elapsed time spent in this place.
 B = Non-inter-level travel time spent in this place.
 C = Inter-level travel time spent in this place.
 D = Time resting spent in this place.
 E = Time spent auto-exploring this place.
 F = Levels seen in this place.
 G = Mean time per level.
                   A        B        C        D        E       F      G
               +--------+--------+--------+--------+--------+-----+--------+
         Total |   2072 |   2011 |     61 |      0 |   1771 |   3 |  690.7 |
       Dungeon |   2072 |   2011 |     61 |      0 |   1771 |   3 |  690.7 |
               +--------+--------+--------+--------+--------+-----+--------+

Top non-repeatable levels by time:
     D:1: 1072 daAuts
     D:2: 958 daAuts
     D:3: 41 daAuts
